 Dungeon Crawl Stone Soup version 0.29.1-1-gd02db6906a (webtiles) character file.

Game seed: 12744924995694253829

42 Kniotic the Conjurer (level 3, 0/26 HPs)
             Began as a Demigod Conjurer on Oct 4, 2022.
             Constricted to death by Ijyb (2 damage)
             ... on level 2 of the Dungeon.
             The game lasted 00:02:38 (1630 turns).

Kniotic the Conjurer (Demigod Conjurer)             Turns: 1630, Time: 00:02:38

Health: 0/26       AC:  2    Str:  8    XL:     3   Next: 17%
Magic:  1/8        EV:  9    Int: 24    God:
Gold:   95         SH:  0    Dex: 12    Spells: 4/5 levels left

rFire   . . .      SeeInvis .   d - +3 short sword
rCold   . . .      Faith    .   (no shield)
rNeg    . . .      Spirit   .   a - +0 robe
rPois   .          Reflect  .   (no helmet)
rElec   .          Harm     .   (no cloak)
rCorr   .          Rampage  .   (no gloves)
Will    .....                   (no boots)
Stlth   ++........              (no amulet)
HPRegen 0.08/turn               (no ring)
MPRegen 0.11/turn               (no ring)

@: grasped by roots, constricted
A: high MP 1, forlorn, divine attributes
a: no special abilities


You were on level 2 of the Dungeon.
You visited 1 branch of the dungeon, and saw 2 of its levels.

You collected 95 gold pieces.

Inventory:

Hand Weapons
 d - a +3 short sword (weapon)
Armour
 a - a +0 robe (worn)
Scrolls
 c - a scroll of enchant weapon {unknown}
 e - a scroll of fear {unknown}
 g - a scroll of amnesia {unknown}
Potions
 b - 2 potions of magic
 f - a potion of heal wounds {unknown}
 h - a potion of mutation {unknown}
 i - 2 potions of curing {unknown}


   Skills:
 - Level 1.7 Dodging
 - Level 1.7 Stealth
 - Level 1.7 Spellcasting
 + Level 4.7 Conjurations


You had 4 spell levels left.
You knew the following spells:

 Your Spells              Type           Power      Damage    Failure   Level
a - Magic Dart            Conj           96%        1d7       1%          1

Your spell library contained the following spells:

 Spells                   Type           Power      Damage    Failure   Level
 Searing Ray              Conj           48%        2d6       2%          2
 Dazzling Flash           Conj/Hex       26%        N/A       14%         3
 Fulminant Prism          Conj/Hex       6%         3d7       43%         4
 Iskenderun's Mystic Bla  Conj/Tloc      13%        2d5       43%         4


Dungeon Overview and Level Annotations

Branches:
Dungeon (2/15)

Annotations:
D:2 Ijyb


Innate Abilities, Weirdness & Mutations

You have an increased reservoir of magic. (+10% MP)
You shall have no god before yourself.
Your divine heritage dramatically boosts your attributes as you level up.


Message History

The magic dart hits Ijyb.
Ijyb is lightly wounded.
The grasping roots constrict you.
Casting: Magic Dart (safe; 1% risk of failure)
Confirm with . or Enter, or press ? or * to list all spells.
Aiming: Magic Dart (safe; 1% risk of failure)
Press: ? - help, Shift-Dir - straight line, f/p - Ijyb
Aim: Ijyb, wielding a +0 dagger, wearing a +0 leather armour and carrying a wand of roots (6) (lightly wounded, 100% to hit)
The magic dart hits Ijyb.
Ijyb is heavily wounded.
The grasping roots constrict you.
The grasping roots release their grip on you.
Casting: Magic Dart (safe; 1% risk of failure)
Confirm with . or Enter, or press ? or * to list all spells.
Aiming: Magic Dart (safe; 1% risk of failure)
Press: ? - help, Shift-Dir - straight line, f/p - Ijyb
Aim: Ijyb, wielding a +0 dagger, wearing a +0 leather armour and carrying a wand of roots (6) (heavily wounded, 100% to hit)
The magic dart hits Ijyb.
Ijyb is heavily wounded.
Ijyb screams, "It's all mine!"
Ijyb hits you with a +0 dagger.
You closely miss Ijyb. Your punch misses Ijyb.
Ijyb is heavily wounded.
Ijyb hits you with a +0 dagger.
* * * LOW HITPOINT WARNING * * *
You miss Ijyb.
Ijyb is heavily wounded.
Ijyb misses you.
You hit Ijyb.
Ijyb is severely wounded.
Ijyb zaps a wand.
The roots erupt in riotous growth!
The grasping roots grab you!
Ijyb is unaffected.
The grasping roots constrict you.
* * * LOW HITPOINT WARNING * * *
You hear a shout!
You hit Ijyb.
Ijyb is almost dead.
A kobold comes into view. It is wielding a +0 club.
Ijyb barely misses you. The grasping roots constrict you.
You die...

#.# #.# #.# #.# #. #.# #.. #.#
#########.# ##'# #.#
#.........#####... ######## #.#
###.####.......#.... .......# #.#
#..............#.... .......# #.#
#..............#....
.......###.###..@g...............
...††..†...K.............>###....
.............###.#..........#....
###.........(...........#.#.#.###
#..........#............#......
#.###........[.#####..#.###.###
#. ####.#.#.### ............ ..
#.#.#.# ..#.#....## ##. ..#.# #
#....#


You could see Ijyb and a kobold.

Vanquished Creatures
  An adder (D:2)
  A dart slug (D:1)
  2 endoplasms (D:1)
  A giant cockroach (D:1)
  A goblin (D:1)
  4 hobgoblins
  4 jackals (D:2)
  4 kobolds (D:1)
  2 ball pythons (D:1)
  A bat (D:1)
  3 frilled lizards (D:1)
  6 rats
30 creatures vanquished.

Notes
Turn   | Place    | Note
-------+----------+-------------------------------------------
     0 | D:1      | Kniotic the Demigod Conjurer began the quest for the Orb.
     0 | D:1      | Reached XP level 1. HP: 14/14 MP: 5/5
   157 | D:1      | Reached skill level 4 in Conjurations
   293 | D:1      | Reached XP level 2. HP: 15/20 MP: 4/7
  1518 | D:2      | Reached XP level 3. HP: 26/26 MP: 4/8
  1619 | D:2      | Noticed Ijyb
  1630 | D:2      | Constricted to death by Ijyb

Illustrated notes

Levels and vault maps discovered:
D:1:      roderic_crop_circles_arrival_small, layout_basic, st_stairs_7,
          minmay_liquid_box, minmay_misc_feat_five, minmay_tetromino_s2
D:2:      kennysheep_the_goblin_king, layout_basic

Skill      XL: |  1 |
---------------+----+-----
Conjurations   | 4 |  4.7
Dodging        | |  1.7
Stealth        | |  1.7
Spellcasting   | |  1.7

Action                   || total
-------------------------++-------
Melee: Short sword       ||    23
 Cast: Magic Dart        ||    46
Armor: Robe              ||     2
Dodge: Dodged            ||    15
